 Dungeon Crawl Stone Soup version 0.27.0-1-g7a089689b8 (webtiles) character file.

Game seed: 14709544554207427433

9 zuma992 the Digger (level 2, -2/22 HPs)
             Began as a Deep Dwarf Earth Elementalist on Aug 10, 2021.
             Frozen to death by an endoplasm (3 damage)
             ... on level 1 of the Dungeon.
             The game lasted 00:03:43 (317 turns).

zuma992 the Digger (Deep Dwarf Earth Elementalist)   Turns: 317, Time: 00:03:43

Health: -2/22      AC:  0    Str: 11    XL:     2   Next: 3%
Magic:  4/4        EV:  9    Int: 15    God:
Gold:   9          SH:  6    Dex: 13    Spells: 3/4 levels left

rFire    . . .     SeeInvis .   d - +0 dagger
rCold    . . .     Faith    .   a - +0 kite shield
rNeg     . . .     Spirit   .   (no armour)
rPois    .         Reflect  .   (no helmet)
rElec    .         Harm     .   (no cloak)
rCorr    .         Rampage  .   (no gloves)
Will     .....                  (no boots)
Stlth    ++........             (no amulet)
HPRegen  0.00/turn              (no ring)
MPRegen  0.09/turn              (no ring)

@: no status effects
A: damage resistance, heal wounds, sense surroundings 1, no regeneration
a: Heal Wounds


You were on level 1 of the Dungeon.
You visited 1 branch of the dungeon, and saw 1 of its levels.

You collected 9 gold pieces.

Inventory:

Hand Weapons
 d - a +0 dagger (weapon)
 i - a +0 mace
Missiles
 c - 26 stones
Armour
 a - a +0 kite shield (worn)
 b - a +0 robe
 h - a +0 ring mail
Scrolls
 f - a scroll of teleportation {unknown}
 g - a scroll of vulnerability {unknown}
Potions
 e - a potion of curing {unknown}


   Skills:
 + Level 2.1 Dodging
 + Level 2.4 Stealth
 + Level 1.8 Spellcasting
 + Level 0.8 Transmutations
 + Level 4.7 Earth Magic


You had 3 spell levels left.
You knew the following spells:

 Your Spells              Type           Power      Damage    Failure   Level
a - Sandblast             Erth           30%        2d9       22%         1

Your spell library contained the following spells:

 Spells                   Type           Power      Damage    Failure   Level
 Passwall                 Tmut/Erth      7%         N/A       58%         2
 Stone Arrow              Conj/Erth      16%        3d8       87%         3
 Corpse Rot               Necr/Air       N/A        N/A       94%         2
 Poisonous Vapours        Pois/Air       2%         N/A       94%         2
 Petrify                  Tmut/Erth      9%         N/A       99%         4
 Freezing Cloud           Conj/Ice/Air   0%         6-21      100%        5


Dungeon Overview and Level Annotations

Branches:
Dungeon (1/15)

Altars:


Innate Abilities, Weirdness & Mutations

You are resistant to damage.
You can heal yourself by infusing magical energy.
You passively map a small area around you.
You do not regenerate.


Message History

You hit the endoplasm.
You kill the endoplasm!
Found 9 gold pieces.
You now have 9 gold pieces.
Found a book of Vapours.
A quokka comes into view.
You miss the quokka. The quokka bites you.
* * * LOW HITPOINT WARNING * * *
You block the quokka's attack.
Casting: Sandblast (safe; 24% risk of failure)
Confirm with . or Enter, or press ? or * to list all spells.
Aiming: Sandblast (safe; 24% risk of failure)
Press: ? - help, Shift-Dir - straight line, f - quokka
Aim: a quokka (71% to hit)
The blast of sand hits the quokka.
You kill the quokka!
You have reached level 2!
You pick up a book of Vapours and begin reading...
You add the spells Poisonous Vapours, Corpse Rot and Freezing Cloud to your library.
Found a ring mail and 7 gold pieces.
Found a stone staircase leading down.
Found a mace.
Found a scroll labelled PEXIZUM IRGHYPP.
Found a stone staircase leading down.
You see here a +0 ring mail.
h - a +0 ring mail An endoplasm comes into view.
You see here 7 gold pieces.
You see here a +0 mace.
i - a +0 mace You start removing your armour.
You continue taking off your +0 robe. x4
You finish taking off your +0 robe.
You start putting on your armour.
You continue putting on your +0 ring mail. x4
The endoplasm hits you.
* * * LOW HITPOINT WARNING * * *
You continue putting on your +0 ring mail.
The endoplasm freezes you.
You are frozen.
You die...

##########...##
####.............##
..........#.......#
##....###.........#
##.#..# ###.......#
##..............>##
##.###.######....#
...# ..# ##...#
##.# *..# ***#.J@#
..... .......?.>.#
###*## #######..#
#..# * * *** #..# ,
,, ,, ...# . **
...# , #.#.# , ,


You could see an endoplasm.

Vanquished Creatures
  A dart slug (D:1)
  A ball python (D:1)
  An endoplasm (D:1)
  A goblin (D:1)
  A quokka (D:1)
  A rat (D:1)
6 creatures vanquished.

Notes
Turn   | Place    | Note
-------+----------+-------------------------------------------
     0 | D:1      | zuma992 the Deep Dwarf Earth Elementalist began the quest
                  | for the Orb.
     0 | D:1      | Reached XP level 1. HP: 15/15 MP: 3/3
   273 | D:1      | Reached XP level 2. HP: 2/22 MP: 2/4
   316 | D:1      | HP: 1/22 [endoplasm (1)]
   317 | D:1      | Frozen to death by an endoplasm

Illustrated notes

Levels and vault maps discovered:
D:1:      onia_arrival_pentagram, layout_loops_ring, minivault_25

Action                   || total
-------------------------++-------
Melee: Dagger            ||    13
 Cast: Sandblast         ||     4
 Stab: Sleeping          ||     1
Armor: Robe              ||     1
Dodge: Dodged            ||     2
Block: Kite shield       ||     4
